 Dungeon Crawl Stone Soup version 0.31.0-9-g3a7656b989 (webtiles) character file.

Game seed: 15462483542708854330

134 qw the Shooter (level 4, -2/36 HPs)
             Began as a Demigod Hunter on Feb 2, 2024.
             Incinerated by a bombardier beetle (5 damage)
             ... with a burning spray
             ... on level 4 of the Dungeon.
             The game lasted 00:00:06 (2013 turns).

qw the Shooter (Demigod Hunter)                     Turns: 2013, Time: 00:00:07

Health: -2/36      AC:  3    Str: 12    XL:     4   Next: 64%
Magic:  6/6        EV: 12    Int: 11    God:
Gold:   147        SH:  0    Dex: 21    Spells: 3/3 levels left

rFire   . . .        a - +0 shortbow
rCold   + . .        (shield currently unavailable)
rNeg    . . .        c - +0 leather armour
rPois   .            (no helmet)
rElec   .            (no cloak)
rCorr   .            (no gloves)
SInv    .            (no boots)
Will    .....        (no amulet)
Stlth   +            g - ring of protection from cold
HPRegen 0.26/turn    (no ring)
MPRegen 0.10/turn

%: no passive effects
@: on fire, glowing
A: high MP 1, forlorn, divine attributes
a: no special abilities


You were on level 4 of the Dungeon.
You visited 1 branch of the dungeon, and saw 4 of its levels.

You collected 147 gold pieces.


Innate Abilities, Weirdness & Mutations

You have an increased reservoir of magic. (+10% MP)
You shall have no god before yourself.
Your divine heritage dramatically boosts your attributes as you level up.


   Skills:
 - Level 2.0 Fighting
 + Level 5.5 Ranged Weapons
 - Level 2.1 Dodging
 - Level 0.8 Stealth


You had 3 spell levels left.
You didn't know any spells.
Your spell library was empty.

Inventory:

Hand Weapons
 a - a +0 shortbow (weapon)
Armour
 b - a scarf of repulsion
 c - a +0 leather armour (worn)
 d - a +0 ring mail
Jewellery
 g - a ring of protection from cold (left hand)
Wands
 m - a wand of flame (15)
Scrolls
 e - a scroll of identify
 f - a scroll of fog {unknown}
 k - 2 scrolls of teleportation {unknown}
 l - a scroll of noise {unknown}
 o - a scroll of fear {unknown}
Potions
 h - 2 potions of curing
 i - a potion of haste {unknown}
 j - a potion of berserk rage {unknown}
 n - 3 potions of heal wounds {unknown}

Dungeon Overview and Level Annotations

Branches:
Dungeon (3/15)


Message History

You shoot an arrow.
The arrow barely misses the bombardier beetle.
You shoot an arrow.
The arrow barely misses the bombardier beetle.
You shoot an arrow.
The arrow barely misses the bombardier beetle.
The bombardier beetle closely misses you.
You shoot an arrow.
The arrow hits the bombardier beetle but does no damage.
The bombardier beetle is moderately wounded.
You shoot an arrow.
The arrow hits the bombardier beetle but does no damage.
The bombardier beetle is moderately wounded.
The bombardier beetle sprays incendiary fluid at you.
The burning spray hits you.
You are covered in liquid fire!
You shoot an arrow. The arrow hits the bombardier beetle.
The bombardier beetle is heavily wounded.
The liquid fire burns you!
The bombardier beetle barely misses you.
You shoot an arrow.
The arrow hits the bombardier beetle but does no damage.
The bombardier beetle is heavily wounded.
The liquid fire burns you!
You shoot an arrow.
The arrow barely misses the bombardier beetle.
The liquid fire burns you! The bombardier beetle bites you.
You shoot an arrow.
The arrow barely misses the bombardier beetle.
The liquid fire burns you! The bombardier beetle bites you.
You shoot an arrow. The arrow hits the bombardier beetle!
You kill the bombardier beetle!
The liquid fire burns you!
You are on fire!
The liquid fire burns you!
You are on fire!
The liquid fire burns you!
You die...

#.# ... #.#
#.# #.# #.#
#.#
#.##########.
#....@%....$.
############.


There were no monsters in sight!

Vanquished Creatures
  A bombardier beetle (D:4)
  4 adders (D:2)
  A ribbon worm (D:2)
  A dart slug (D:2)
  4 bats
  7 endoplasms
  2 giant cockroaches (D:2)
  2 goblins
  2 hobgoblins
  8 jackals
  A quokka (D:3)
  10 ball pythons
  A frilled lizard (D:1)
  3 kobolds
  8 rats
55 creatures vanquished.

Notes
Turn   | Place    | Note
-------+----------+-------------------------------------------
     0 | D:1      | qw the Demigod Hunter began the quest for the Orb.
     0 | D:1      | Reached XP level 1. HP: 17/17 MP: 3/3
     0 | D:1      | 0 ||| qw: Version: 0.3-a-155-g5e7d8dd
     0 | D:1      | 0 ||| qw: Game counter: 155
     0 | D:1      | 0 ||| qw: Melee chars always use a shield: true
     0 | D:1      | 0 ||| qw: God list: Okawaru
     0 | D:1      | 0 ||| qw: Allow faded altars: false
     0 | D:1      | 0 ||| qw: Do Orc after clearing Dungeon:15 true
     0 | D:1      | 0 ||| qw: Do second Lair branch before Depths: true
     0 | D:1      | 0 ||| qw: Lair rune preference: random
     0 | D:1      | 0 ||| qw: Goals: Normal
     0 | D:1      | 0 ||| PLANNING D:1-11
    75 | D:1      | Reached skill level 4 in Ranged Weapons
   168 | D:1      | Reached XP level 2. HP: 24/24 MP: 4/4
   596 | D:1      | 596 ||| UPGRADING to ring of protection from cold.
   597 | D:1      | 597 ||| READING scroll labelled NOYR PAAJE.
   597 | D:1      | 597 ||| ENCHANTING +0 shortbow.
   598 | D:1      | 598 ||| DRINKING 2 lumpy amethyst potions.
   599 | D:1      | 599 ||| DROPPING scroll of butterflies.
   624 | D:2      | 624 ||| STAIRDANCE
   629 | D:2      | 629 ||| STAIRDANCE
   648 | D:2      | 648 ||| STAIRDANCE
   664 | D:2      | Reached XP level 3. HP: 25/29 MP: 5/5
   945 | D:2      | Reached skill level 5 in Ranged Weapons
  1139 | D:2      | Reached XP level 4. HP: 36/36 MP: 6/6
  1298 | D:2      | 1298 ||| READING 2 scrolls labelled MUAXKO YREKK.
  1298 | D:2      | 1298 ||| IDENTIFYING smoky brown potion
  1299 | D:2      | 1299 ||| READING scroll of identify.
  1299 | D:2      | 1299 ||| IDENTIFYING fuming black potion
  1300 | D:2      | 1300 ||| READING scroll labelled ISIVOY YMEQE.
  1301 | D:2      | 1301 ||| DROPPING potion of degeneration.
  1302 | D:2      | 1302 ||| DROPPING potion of attraction.
  1989 | D:3      | You fall into a shaft and drop 1 floor!
  2011 | D:4      | HP: 7/36 [burnt (5)]
  2012 | D:4      | HP: 2/36 [burnt (5)]
  2013 | D:4      | Incinerated by a bombardier beetle

Levels and vault maps discovered:
D:1:      minmay_arrival_radiant_lines, layout_loops_ring,
          ebering_ecumenical_altar_webs
D:2:      layout_loops_ring, basic_altar, kennysheep_generic_room_5
D:3:      layout_loops_ring, mainiacjoe_overflow_tiny_flanked,
          mainiacjoe_overflow_alcove_4
D:4:      layout_loops_ring, mainiacjoe_overflow_brackets,
          gammafunk_temple_overflow_wave, serial_shops, shop, uniq_ijyb

Skill      XL: |  1  2  3 |
---------------+----------+-----
Ranged Weapons | 4 5 |  5.5
Fighting       | 2 |  2.0
Dodging        | 2 |  2.1
Stealth        | |  0.8

Action                     |  1- 3 |  4- 6 || total
---------------------------+-------+-------++-------
   Fire: Shortbow          |   110 |    39 ||   149
    Use: Scroll            |     1 |     3 ||     4
         Potion            |     1 |       ||     1
 Armour: Leather armour    |    30 |     4 ||    34
  Dodge: Dodged            |    42 |     4 ||    46

Table legend:
 A = Non-vault XP
 B = Vault XP
 C = Vault XP percentage of total XP
 D = Non-vault monster count
 E = Vault monster count
 F = Vault count percentage of total count
                 A         B        C        D         E       F
            +---------+---------+-------+---------+---------+-------
      Total |     187 |       5 |   2.6 |      52 |       3 |   5.5
            +---------+---------+-------+---------+---------+-------
        D:1 |      34 |       0 |   0.0 |      21 |       0 |   0.0
        D:2 |      85 |       5 |   5.6 |      21 |       3 |  12.5
        D:3 |      14 |       0 |   0.0 |       9 |       0 |   0.0
        D:4 |      54 |       0 |   0.0 |       1 |       0 |   0.0
            +---------+---------+-------+---------+---------+-------
